 Dungeon Crawl Stone Soup version 0.28.0-53-g5a82cb258f (webtiles) character file.

Game seed: 10248451622417376044

68 SanguineChosen the Chopper (level 4, 0/41 HPs)
             Began as a Hill Orc Monk on June 28, 2022.
             Succumbed to an adder's poison
             ... on level 3 of the Dungeon.
             The game lasted 00:07:51 (2995 turns).

SanguineChosen the Chopper (Hill Orc Monk)          Turns: 2995, Time: 00:07:51

Health: 0/41       AC:  2    Str: 13    XL:     4   Next: 19%
Magic:  4/4        EV: 13    Int: 10    God:
Gold:   56         SH:  0    Dex: 15    Spells: 3/3 levels left

rFire   . . .      SeeInvis .   a - +0 hand axe
rCold   . . .      Faith    .   (no shield)
rNeg    . . .      Spirit   .   b - +0 robe
rPois   .          Reflect  .   (no helmet)
rElec   .          Harm     .   (no cloak)
rCorr   .          Rampage  .   (no gloves)
Will    .....                   (no boots)
Stlth   ++........              (no amulet)
HPRegen 0.13/turn               (no ring)
MPRegen 0.09/turn               (no ring)

@: brilliant, lethally poisoned (0 -> -5)
A: no striking features
a: no special abilities


You were on level 3 of the Dungeon.
You visited 1 branch of the dungeon, and saw 3 of its levels.

You collected 56 gold pieces.

Inventory:

Hand Weapons
 a - a +0 hand axe (weapon)
Armour
 b - a +0 robe (worn)
Scrolls
 c - a scroll of acquirement {unknown}
 d - a scroll of fear
 e - a scroll of torment {unknown}
 f - a scroll of enchant armour {unknown}
 h - a scroll of teleportation {unknown}


   Skills:
 + Level 4.3 Fighting
 + Level 5.1 Axes
 + Level 2.9 Dodging
 + Level 1.9 Stealth


You had 3 spell levels left.
You didn't know any spells.
Your spell library was empty.

Dungeon Overview and Level Annotations

Branches:
Dungeon (3/15)

Altars:

Shops:
D:2 [


Message History

You are more poisoned.
The adder poisons you!
You closely miss the adder.
The adder is heavily wounded.
You barely miss the ball python.
You feel sick. The ball python bites you. The ball python grabs you.
The ball python constricts you. The adder bites you.
You are more poisoned.
The adder poisons you! The ball python closely misses you.
The ball python constricts you. The adder barely misses you.
You hit the adder.
The adder is severely wounded.
You hit the ball python.
You feel very sick. The ball python barely misses you.
The ball python constricts you. The adder barely misses you.
You closely miss the adder.
The adder is severely wounded.
You closely miss the ball python.
You feel very sick. The adder bites you. The ball python bites you.
* * * LOW HITPOINT WARNING * * *
The ball python constricts you.
It was a potion of brilliance.
You feel clever all of a sudden.
* * * LOW HITPOINT WARNING * * *
You feel sick. The adder bites you.
* * * LOW HITPOINT WARNING * * *
The ball python barely misses you. The ball python constricts you.
The adder bites you.
* * * LOW HITPOINT WARNING * * *
The ball python bites you but does no damage.
The ball python constricts you.
As you read the scroll labelled WIUV QAISHREU, it crumbles to dust.
You assume a fearsome visage.
The adder looks frightened!
The ball python looks frightened!
It was a scroll of fear.
* * * LOW HITPOINT WARNING * * *
You feel sick. The ball python loses its grip on you.
* * * LOW HITPOINT WARNING * * *
You feel sick.
You die...

.##...# ..#...#
. ## .#...#+ ..
#.###..S?.###.
..#.............
.........8.S....
#.............
#####.....####
.. ##.@#.(.#..#
.. #...#...# ..#
# #<.##...# #
####.....#
##..... ###.##
.#


You could see an adder (fleeing) and a ball python (fleeing).

Vanquished Creatures
  An adder skeleton (D:2)
  A worm (D:2)
  3 dart slugs
  7 ball pythons
  A bat (D:1)
  14 endoplasms
  3 giant cockroaches (D:1)
  6 goblins
  4 hobgoblins (D:1)
  3 frilled lizards (D:1)
  2 kobolds (D:1)
  4 rats
49 creatures vanquished.

Notes
Turn   | Place    | Note
-------+----------+-------------------------------------------
     0 | D:1      | SanguineChosen the Hill Orc Monk began the quest for the
                  | Orb.
     0 | D:1      | Reached XP level 1. HP: 19/19 MP: 1/1
   261 | D:1      | Found a faded altar of an unknown god.
   274 | D:1      | Reached XP level 2. HP: 26/27 MP: 2/2
   890 | D:1      | Reached XP level 3. HP: 28/33 MP: 3/3
  2339 | D:2      | Found Zuhe Lusm's Antique Armour Boutique.
  2361 | D:2      | Reached skill level 5 in Axes
  2367 | D:2      | Reached XP level 4. HP: 38/41 MP: 4/4
  2994 | D:3      | HP: 1/41 [poisoned by an adder]
  2995 | D:3      | Succumbed to an adder's poison

Illustrated notes

Levels and vault maps discovered:
D:1:      scummos_arrival_simple_crosswalls, layout_basic,
          shapermc_ecumenical_altar_starsandcircs, minmay_shallow_snake_nest
D:2:      layout_basic, serial_shops, nicolae_shop_trees, minmay_misc_feat_cross
D:3:      layout_loops_ring, hangedman_decor_push, minivault_25,
          grunt_ministairs_6, minmay_fountain_box

Skill      XL: |  1  2  3 |
---------------+----------+-----
Fighting       | 4 |  4.3
Axes           | 5 |  5.1
Dodging        | |  2.9
Stealth        | |  1.9

Action                   |  1- 3 |  4- 6 || total
-------------------------+-------+-------++-------
Melee: Hand axe          |   118 |    28 ||   146
       Punch             |     1 |     1 ||     2
  Use: Scroll            |       |     1 ||     1
       Potion            |       |     1 ||     1
 Stab: Sleeping          |     4 |     1 ||     5
Armor: Robe              |    16 |     2 ||    18
Dodge: Dodged            |    74 |    22 ||    96
